Map: Amphion LE

Players

Stats

  • Race: Protoss Protoss
  • League: Master
  • Spawn Location: 7:00

Lambo - Winner!

  • Race: Zerg Zerg
  • Spawn Location: 11:00

Event: Bellum Gens Elite Stara Zagora 2024

VOD

Have the link to the VOD?

Description

Time

  • Played on: Sept. 7, 2024, 2:38 p.m.
  • Length: 16:28

All games in this series

Show
View Real Time Build Order
Export as new Build Order

Stats Protoss 

Build Orders: 1 Gate Expand, Oracle Opening 

Get SALT Encoding   

  12  0:00  Probe  
  13  0:12  Probe  
  14  0:19  Pylon  
  14  0:24  Probe  
  15  0:37  Probe (Chrono Boost)  
  15  0:41  Gateway  
  16  0:46  Probe (Chrono Boost)  
  17  0:50  Assimilator  
  17  0:51  Probe (Chrono Boost)  
  18  1:03  Probe  
  19  1:15  Probe  
  20  1:26  Nexus  
  20  1:34  Cybernetics Core  
  20  1:38  Probe  
  21  1:43  Assimilator  
  21  1:50  Probe  
  21  1:53  Pylon  
  22  2:02  Probe (Chrono Boost)  
  23  2:11  Adept  
  23  2:13  Probe (Chrono Boost)  
  26  2:15  Stargate  
  26  2:18  Probe (Chrono Boost)  
  27  2:24  Warp Gate  
  27  2:28  Probe (Chrono Boost)  
  29  2:38  Probe (Chrono Boost)  
  29  2:40  Probe (Chrono Boost)  
  29  2:43  Adept  
  32  2:47  Probe x2 (Chrono Boost)  
  34  2:52  Probe (Chrono Boost)  
  34  2:55  Probe  
  34  2:58  Oracle (Chrono Boost)  
  36  3:04  Probe  
  40  3:07  Pylon, Probe  
  41  3:13  Adept  
  41  3:16  Probe  
  41  3:19  Probe  
  45  3:26  Oracle (Chrono Boost)  
  48  3:37  Nexus  
  48  3:40  Pylon  
  48  3:42  Probe  
  48  3:43  Probe  
  50  3:55  Probe x2  
  52  3:57  Oracle (Chrono Boost)  
  52  3:58  Assimilator  
  52  3:59  Assimilator  
  55  4:07  Gateway, Probe x2  
  57  4:16  Pylon  
  57  4:19  Probe x2  
  59  4:27  Forge  
  59  4:28  Twilight Council  
  59  4:31  Probe x2  
  59  4:36  Gateway  
  59  4:37  Gateway  
  63  4:45  Probe x2 (Chrono Boost)  
  63  4:54  Probe (Chrono Boost)  
  63  4:58  Probe x2 (Chrono Boost)  
  66  5:00  Blink (Chrono Boost)  
  66  5:02  Protoss Ground Weapons Level 1 (Chrono Boost)  
  66  5:04  Probe (Chrono Boost)  
  66  5:05  Probe x2 (Chrono Boost)  
  69  5:07  Shield Battery  
  69  5:09  Probe (Chrono Boost)  
  69  5:11  Probe  
  69  5:12  Probe  
  72  5:15  Pylon  
  72  5:16  Stalker  
  72  5:17  Stalker  
  72  5:20  Pylon  
  76  5:24  Probe x3  
  79  5:36  Probe x3  
  79  5:37  Assimilator  
  79  5:39  Assimilator, Stalker x2  
  79  5:40  Stalker  
  88  5:43  Stalker  
  90  5:50  Templar Archives  
  90  5:51  Pylon  
  90  5:52  Probe x3  
  90  5:57  Gateway  
  93  5:58  Gateway  
  93  6:01  Pylon  
  93  6:03  Pylon  
  93  6:08  Stalker x2  
  93  6:10  Stalker  
  99  6:14  Stalker  
  101  6:22  Gateway  
  101  6:23  Gateway  
  101  6:28  Shield Battery  
  101  6:29  Psionic Storm  
  101  6:30  Pylon  
  101  6:32  Stalker  
  101  6:35  Stalker  
  101  6:39  High Templar x2  
  109  6:41  Photon Cannon  
  109  6:43  Pylon  
  109  6:47  Charge  
  109  6:53  Robotics Facility  
  109  7:00  Zealot  
  109  7:01  Zealot x3, Protoss Ground Weapons Level 2 (Chrono Boost)  
  117  7:19  Stalker x2, High Templar x2  
  112  7:41  Zealot x4  
  116  7:47  Probe x2  
  116  7:48  Probe  
  119  7:56  Nexus  
  117  7:58  Stalker x3  
  117  7:59  Stalker, Pylon  
  117  8:02  Shield Battery, Pylon  
  126  8:05  Probe x2  
  126  8:06  Probe  
  126  8:11  Void Ray (Chrono Boost), Pylon x2  
  132  8:13  Pylon  
  132  8:14  Pylon  
  132  8:20  High Templar x2  
  132  8:22  Shield Battery  
  132  8:24  Observer  
  132  8:25  Shield Battery  
  132  8:26  Photon Cannon  
  137  8:27  Photon Cannon  
  137  8:30  Photon Cannon  
  137  8:35  Zealot x3  
  137  8:36  Zealot x2  
  137  8:38  Fleet Beacon  
  145  8:48  Stargate  
  145  8:53  Stalker  
  145  8:54  Stalker  
  149  8:57  Immortal  
  149  9:01  Zealot x3  
  150  9:07  Stalker x2  
  150  9:11  Zealot  
  144  9:23  Zealot x3  
  128  9:30  Zealot x2  
  106  9:35  Archon  
  106  9:36  Immortal  
  102  9:38  Observer, Tempest x2 (Chrono Boost)  
  112  9:50  Pylon, High Templar  
  112  9:51  High Templar  
  116  9:53  High Templar x2  
  116  9:54  Zealot x2  
  124  10:01  Archon  
  124  10:07  Probe x3  
  124  10:10  Probe  
  124  10:12  Assimilator  
  128  10:16  Assimilator, Tempest x2 (Chrono Boost)  
  138  10:30  Probe x4  
  138  10:33  Gateway  
  138  10:34  Photon Cannon  
  138  10:35  Shield Battery  
  142  10:37  Immortal (Chrono Boost)  
  142  10:38  High Templar x2  
  150  10:44  Archon  
  150  10:47  Zealot x3  
  152  11:03  Zealot x2  
  142  11:11  Tempest  
  132  11:21  Zealot x5  
  130  11:31  Archon  
  126  11:37  High Templar x3  
  132  11:46  High Templar x2  
  136  11:47  Zealot x3  
  136  11:48  Immortal  
  146  11:54  Tempest  
  151  12:04  Pylon  
  151  12:06  Stargate  
  151  12:09  Archon  
  144  12:22  Archon x2  
  126  12:24  Zealot x8  
  126  12:29  Immortal (Chrono Boost)  
  127  12:39  Probe x4  
  127  12:44  Protoss Air Weapons Level 1 (Chrono Boost)  
  127  12:54  Stalker x3  
  133  13:08  High Templar  
  133  13:09  High Templar x3  
  133  13:10  Zealot  
  143  13:12  Archon  
  143  13:13  Archon  
  141  13:21  Zealot  
  141  13:22  Zealot x2  
  141  13:24  Oracle (Chrono Boost)  
  146  13:34  Robotics Facility  
  146  13:35  Tempest (Chrono Boost)  
  142  13:45  High Templar  
  142  13:46  High Templar x3  
  150  13:49  Stalker x2  
  150  13:55  Pylon  
  146  14:12  Pylon  
  146  14:14  Pylon  
  146  14:16  Nexus  
  152  14:23  Mothership (Chrono Boost)  
  148  14:31  High Templar x3  
  148  14:32  High Templar  
  148  14:34  Shield Battery  
  148  14:35  Photon Cannon  
  148  14:36  Zealot  
  156  14:39  Archon x2, Pylon  
  156  14:44  Shield Battery  
  152  14:46  Shield Battery  
  145  14:53  High Templar  
  145  14:54  High Templar  
  147  15:00  Zealot x2  
  147  15:06  Zealot x4, Archon  
  157  15:08  Observer (Chrono Boost)  
  110  15:31  Zealot x6  
  92  15:52  Zealot x2  
  92  15:53  Zealot  
  92  15:54  Zealot x3  
  104  15:58  Cybernetics Core  
Show
View Real Time Build Order
Export as new Build Order

Lambo Zerg - Winner!

Build Orders: Hatch First, Lurkers 

Get SALT Encoding   

  12  0:00  Drone  
  13  0:12  Overlord  
  13  0:17  Drone  
  14  0:31  Drone x2  
  16  0:50  Hatchery  
  16  0:54  Drone  
  16  0:58  Drone  
  16  1:00  Drone  
  18  1:12  Extractor  
  18  1:15  Spawning Pool  
  16  1:19  Drone  
  16  1:22  Drone  
  18  1:29  Drone  
  19  1:39  Drone  
  20  1:49  Drone  
  21  2:02  Queen x2  
  21  2:03  Zergling x2  
  21  2:04  Overlord  
  26  2:12  Metabolic Boost  
  26  2:15  Drone x2  
  27  2:22  Drone  
  29  2:25  Drone  
  30  2:33  Drone  
  30  2:35  Drone  
  32  2:44  Hatchery  
  32  2:47  Drone  
  32  2:49  Overlord  
  32  2:55  Queen  
  34  2:59  Zergling x2  
  34  3:03  Drone  
  36  3:07  Queen  
  36  3:12  Overlord  
  38  3:13  Drone  
  38  3:14  Drone  
  38  3:15  Drone  
  38  3:17  Drone  
  38  3:19  Drone  
  43  3:22  Drone  
  44  3:31  Queen, Overlord  
  44  3:32  Drone  
  47  3:40  Spore Crawler  
  47  3:41  Drone  
  47  3:43  Drone  
  47  3:44  Drone x2  
  50  3:49  Spore Crawler, Drone x2  
  49  3:55  Drone  
  49  3:57  Drone  
  49  4:00  Drone  
  52  4:03  Overlord  
  52  4:05  Drone x2  
  52  4:07  Queen  
  56  4:12  Drone x3  
  56  4:14  Drone  
  60  4:23  Drone  
  60  4:24  Overlord  
  60  4:25  Drone x2  
  60  4:28  Evolution Chamber  
  60  4:29  Drone  
  62  4:33  Drone, Spore Crawler  
  62  4:36  Drone x2  
  64  4:41  Drone x4  
  64  4:45  Drone  
  67  4:49  Spore Crawler  
  67  4:50  Drone x4  
  70  4:54  Drone  
  70  4:56  Zerg Melee Weapons Level 1  
  71  5:01  Roach Warren, Extractor  
  71  5:04  Drone x2, Lair  
  71  5:06  Drone  
  72  5:07  Drone  
  72  5:09  Overlord  
  72  5:13  Zergling x4  
  72  5:14  Overlord  
  75  5:17  Drone x3  
  75  5:19  Extractor  
  75  5:20  Extractor  
  75  5:21  Drone x2, Extractor  
  77  5:22  Drone  
  77  5:23  Extractor  
  77  5:26  Drone x3  
  80  5:33  Drone  
  80  5:35  Drone x5  
  84  5:46  Hatchery  
  82  5:50  Drone  
  82  5:51  Drone  
  82  5:55  Overlord  
  84  5:59  Drone  
  84  6:01  Zergling x12  
  91  6:06  Infestation Pit  
  91  6:07  Hydralisk Den  
  91  6:09  Drone x5  
  94  6:21  Zergling x12  
  94  6:25  Drone x3  
  103  6:27  Extractor  
  103  6:29  Overlord  
  103  6:30  Extractor  
  101  6:34  Drone x4  
  101  6:36  Grooved Spines  
  105  6:41  Overlord  
  105  6:45  Hive  
  105  6:46  Overlord  
  105  6:47  Lurker Den  
  105  6:50  Zerg Missile Weapons Level 1  
  105  6:51  Overlord  
  105  6:52  Drone x9  
  113  6:57  Hydralisk  
  113  6:59  Overlord  
  113  7:01  Hydralisk x2  
  115  7:04  Hydralisk x3  
  115  7:08  Pneumatized Carapace  
  125  7:11  Hydralisk  
  125  7:13  Hydralisk  
  125  7:16  Hydralisk  
  125  7:17  Hydralisk  
  125  7:22  Zergling x14  
  133  7:26  Zergling x2  
  126  7:35  Zergling x16  
  119  7:42  Drone x2  
  117  7:45  Muscular Augments  
  117  7:47  Hydralisk x2  
  117  7:49  Hydralisk  
  117  7:50  Hydralisk x2  
  124  7:56  Drone x2  
  125  7:59  Drone  
  125  8:00  Drone x6  
  125  8:03  Seismic Spines  
  125  8:05  Overlord, Lurker x3  
  134  8:06  Hydralisk  
  137  8:13  Zergling x4  
  137  8:17  Lurker x3  
  141  8:21  Spore Crawler  
  141  8:24  Overlord  
  141  8:25  Spine Crawler, Lurker x2  
  141  8:26  Zergling x18, Lurker  
  151  8:30  Overlord  
  151  8:31  Overlord x2  
  151  8:34  Overlord  
  151  8:35  Overlord  
  151  8:38  Overlord  
  151  8:40  Overlord  
  147  8:42  Overlord  
  147  8:43  Zergling x4  
  147  8:44  Lurker  
  148  8:49  Zergling x10  
  148  8:53  Zergling x8  
  157  8:58  Hydralisk x2  
  157  9:01  Zergling x8  
  152  9:03  Zergling x4  
  152  9:08  Hydralisk  
  148  9:10  Hydralisk x2  
  148  9:13  Hydralisk x2  
  148  9:17  Hydralisk x2  
  152  9:21  Hydralisk x3  
  150  9:24  Zergling x2  
  150  9:28  Hydralisk  
  133  9:31  Zerg Missile Weapons Level 2  
  133  9:32  Adaptive Talons  
  133  9:34  Nydus Network  
  133  9:35  Hydralisk  
  133  9:37  Hydralisk  
  133  9:38  Zergling x2  
  120  9:40  Zergling x6  
  120  9:41  Zergling x2  
  124  9:50  Lurker x6  
  130  9:54  Zergling x2  
  133  10:00  Zergling x6  
  133  10:02  Hydralisk  
  133  10:03  Lurker x2  
  133  10:06  Overseer  
  138  10:07  Hatchery  
  138  10:13  Zergling x18  
  146  10:16  Queen  
  146  10:19  Hydralisk x2  
  152  10:25  Zergling x14  
  158  10:28  Hydralisk  
  158  10:33  Hydralisk x3  
  166  10:43  Nydus Canal  
  166  10:44  Hydralisk x5  
  166  10:46  Lurker x2  
  171  11:00  Zergling x26  
  171  11:02  Nydus Canal  
  167  11:16  Hydralisk x3  
  167  11:17  Hydralisk x3  
  171  11:24  Nydus Canal, Hydralisk x5  
  165  11:31  Hydralisk  
  165  11:32  Hydralisk x4  
  162  11:41  Lurker  
  162  11:42  Lurker x2  
  165  11:49  Overlord  
  165  11:53  Overlord x3  
  165  11:55  Overlord  
  165  11:57  Overlord  
  165  12:01  Nydus Canal, Overlord  
  161  12:06  Queen x2  
  165  12:10  Queen x2  
  162  12:17  Hydralisk x7  
  148  12:23  Hydralisk x3  
  148  12:26  Hydralisk  
  138  12:33  Hydralisk x3  
  140  12:42  Hydralisk x5  
  150  12:47  Nydus Canal  
  150  12:50  Hydralisk x2  
  150  12:51  Hydralisk  
  148  12:53  Hydralisk  
  147  13:04  Overseer  
  147  13:05  Nydus Canal  
  147  13:09  Hydralisk x6  
  159  13:15  Zergling x10  
  159  13:19  Hydralisk x2  
  158  13:22  Hydralisk  
  158  13:25  Hydralisk x2  
  154  13:29  Hydralisk x2  
  154  13:30  Nydus Canal  
  152  13:35  Burrow  
  152  13:38  Lurker x2  
  152  13:40  Zergling x10  
  157  13:49  Queen  
  157  13:51  Extractor  
  157  13:52  Spine Crawler, Lurker x4, Extractor  
  158  14:01  Overseer  
  158  14:03  Hydralisk x3  
  158  14:04  Spine Crawler  
  158  14:09  Zergling x14  
  170  14:20  Viper  
  170  14:22  Zergling x8  
  177  14:27  Zergling x10  
  180  14:31  Adrenal Glands  
  180  14:34  Overlord  
  180  14:36  Spine Crawler, Overseer  
  180  14:38  Overlord  
  179  14:40  Nydus Canal  
  177  14:50  Zergling x20  
  179  14:55  Nydus Canal  
  179  14:59  Hydralisk x3  
  180  15:04  Hydralisk x2  
  183  15:10  Hydralisk x2  
  183  15:13  Hydralisk x2  
  187  15:16  Hydralisk  
  187  15:20  Nydus Canal  
  185  15:23  Hydralisk x3  
  177  15:28  Hydralisk x2  
  177  15:30  Hydralisk  
  177  15:33  Hydralisk  
  145  15:45  Hydralisk x5  
  144  15:53  Overseer  
  142  16:00  Lurker  
  142  16:01  Lurker x8  
  142  16:03  Zergling x2  
  142  16:04  Zergling x8  
  156  16:06  Zergling x2  
  159  16:08  Drone x2  
Tags
 
Add a new tag
Caveats
  • Supply blocks, unpowered buildings, or Contaminate may cause inaccurate times.
  • Supply counts are checked every 10 seconds.